 Dungeon Crawl Stone Soup version 0.18.1-8-gdd0e5ea (webtiles) character file.

1736 Jersh the Grappler (level 8, -8/84 HPs)
             Began as a Troll Monk on June 6, 2016.
             Was a Believer of Nemelex Xobeh.
             Mangled by a killer bee (10 damage)
             ... on level 9 of the Dungeon.
             The game lasted 00:28:17 (2894 turns).

Jersh the Grappler (Troll Monk)                     Turns: 2894, Time: 00:28:17

Health: -8/84      AC:  7    Str: 22    XL:     8   Next: 76%
Magic:  16/16      EV: 12    Int:  6    God:    Nemelex Xobeh [**....]
Gold:   292        SH:  0    Dex: 10    Spells: 0 memorised, 7 levels left

rFire  . . .     SeeInvis .       - Unarmed
rCold  + . .     Gourm    +     b - +2 robe {MR+}
rNeg   . . .     Faith    .     (no shield)
rPois  .         Spirit   .     (helmet restricted)
rElec  .         Dismiss  .     (no cloak)
rCorr  .         Reflect  .     (gloves unavailable)
SustAt .         Harm     .     (boots unavailable)
MR     +....                    (no amulet)
Stlth  +.........               f - ring of magical power
                                c - ring of protection from cold

@: lethally poisoned (-8 -> -8), aura of abjuration, very slightly contaminated,
fainting, hasted, very quick, somewhat resistant to hostile enchantments, very
unstealthy
A: unfitting armour, claws 3, clumsy 1, fast metabolism 3, gourmand,
regeneration 2, shaggy fur 1, tough skin 2, evolution 1, sturdy frame 1
a: Renounce Religion


You were on level 9 of the Dungeon.
You worshipped Nemelex Xobeh.
Nemelex Xobeh was pleased with you.
You were fainting.

You visited 1 branch of the dungeon, and saw 9 of its levels.

You collected 292 gold pieces.

Inventory:

Hand Weapons
 l - a cursed -2 scythe
 m - a cursed -1 dagger
Missiles
 g - 148 stones (quivered)
 h - 2 javelins
Armour
 a - a +1 robe
 b - a +2 robe of magic resistance (worn)
 d - a +0 robe
 y - the cursed +0 leather armour of the Skies Above {rPois rN+++ rCorr Str-5, unknown}
   (You found it on level 7 of the Dungeon)

   It affects your strength (-5).
   It protects you from poison.
   It renders you almost immune to negative energy.
   It protects you from acid and corrosion.
   It has a curse placed upon it.
Jewellery
 c - a ring of protection from cold (left claw)
 f - a ring of magical power (right claw)
Wands
 p - a wand of confusion (48/48)
 u - a wand of acid (10/15)
Scrolls
 n - a scroll of blinking
 q - 2 scrolls of identify
 s - 3 scrolls of remove curse
 v - a scroll of immolation
Potions
 o - a potion of cancellation
 r - a potion of might
 t - a potion of degeneration
 w - a potion of haste
 x - 2 potions of agility
 A - a potion of beneficial mutation {unknown}
Miscellaneous
 j - an ornate deck of war {drawn: 3}
 k - a plain deck of war


   Skills:
 + Level 6.4 Fighting
 + Level 1.8 Throwing
 + Level 7.2 Dodging
 + Level 1.7 Stealth
 + Level 8.7 Unarmed Combat
 + Level 1.0 Evocations


You had 7 spell levels left.
You didn't know any spells.

Dungeon Overview and Level Annotations

Branches:
Dungeon (9/15)
 Temple: D:4-7         Lair: D:8-11         Orc: D:9-12

Altars:
Ashenzari
Cheibriados
Nemelex Xobeh

Shops:
D:5 [


Innate Abilities, Weirdness & Mutations

You are too large for most types of armour.
You have claws for hands.
Your metabolism is lightning-fast.
You like to eat raw meat.
You heal very quickly.
You are covered in fur (AC +1).
You have very tough skin (AC +2).
You are clumsy. (Dex -2)
You evolve.
Your movements are slightly less encumbered by armour (ER -2).


Message History

You are lethally poisoned!
The killer bee poisons you! The killer bee closely misses you.
Drink which item? (? for menu, Esc to quit)
You feel better. The killer bee barely misses you. The killer bee stings you.
* * * LOW HITPOINT WARNING * * *
The killer bee stings you.
* * * LOW HITPOINT WARNING * * *
You are poisoned.
The killer bee poisons you!
You barely miss the killer bee.
The killer bee is lightly wounded.
You feel sick. The killer bee completely misses you.
The killer bee closely misses you.
Jersh's illusion hits the killer bee.
You claw the killer bee!
You kill the killer bee!
Your Evocations skill increases to level 1!
The killer bee barely misses you.
You closely miss the killer bee.
You feel sick. The killer bee stings you!
You die...
Your body disappears without a glow.

#.# #.# #.#
#.# #.# #.#
###<###
#.....#
#.y@..#
#..@.....|.
#.....#####
.......#
......###
########


You could see a killer bee and the friendly Jersh's illusion.

Vanquished Creatures
  Joseph (D:8)
  Grinder (D:5)
  Sigmund (D:3)
  A hungry ghost (D:7)
  A basilisk (D:5)
  An ogre (D:4)
  A centaur (D:5)
  A scorpion (D:7)
  3 killer bees
  A crimson imp (D:5)
  A jelly (D:4)
  2 hounds
  Ijyb (D:3)
  Natasha (twice) (D:3)
  3 worker ants (D:4)
  3 adders
  8 oozes
  An adder zombie (D:5)
  An adder skeleton (D:5)
  2 dart slugs (D:1)
  8 orcs
  A giant cockroach (D:2)
  5 goblins
  6 hobgoblins
  7 jackals
  A kobold (D:1)
  2 quokkas
  A ball python (D:3)
  10 bats
  3 giant newts
  A quokka skeleton (D:4)
  10 rats
  3 bushes (D:2)
94 creatures vanquished.

Vanquished Creatures (collateral kills)
  Natasha (D:3)
1 creature vanquished.

Grand Total: 95 creatures vanquished

Notes
Turn   | Place    | Note
--------------------------------------------------------------
     0 | D:1      | Jersh the Troll Monk began the quest for the Orb.
     0 | D:1      | Reached XP level 1. HP: 22/22 MP: 0/0
    55 | D:1      | Reached XP level 2. HP: 29/29 MP: 1/1
   219 | D:1      | Reached XP level 3. HP: 35/36 MP: 2/2
   330 | D:1      | Gained mutation: You are clumsy. (Dex -2) [potion of mutation]
   330 | D:1      | Gained mutation: Your movements are slightly less encumbered by armour (ER -2). [potion of mutation]
   330 | D:1      | Gained mutation: You evolve. [potion of mutation]
   454 | D:1      | Reached skill level 5 in Fighting
   454 | D:1      | Reached skill level 5 in Dodging
   454 | D:1      | Reached skill level 7 in Unarmed Combat
   454 | D:1      | Reached XP level 4. HP: 50/50 MP: 3/3
   842 | D:2      | Reached XP level 5. HP: 50/58 MP: 4/4
   995 | D:2      | Found a sparkling altar of Nemelex Xobeh.
   999 | D:2      | Became a worshipper of Nemelex Xobeh the Trickster
   999 | D:2      | Received a gift from Nemelex Xobeh
   999 | D:2      | Received a gift from Nemelex Xobeh
   999 | D:2      | Reached * piety under Nemelex Xobeh
   999 | D:2      | Received a gift from Nemelex Xobeh
   999 | D:2      | Reached ** piety under Nemelex Xobeh
  1057 | D:3      | Noticed Sigmund
  1062 | D:3      | Killed Sigmund
  1062 | D:3      | Reached XP level 6. HP: 67/67 MP: 5/5
  1078 | D:3      | Noticed Natasha
  1083 | D:3      | Killed Natasha
  1088 | D:3      | Noticed Natasha
  1106 | D:3      | Killed Natasha
  1156 | D:3      | Noticed Ijyb
  1162 | D:3      | Killed Ijyb
  1162 | D:3      | Reached skill level 8 in Unarmed Combat
  1213 | D:3      | Noticed Natasha
  1218 | D:3      | Killed Natasha
  1644 | D:4      | Reached XP level 7. HP: 43/74 MP: 6/6
  2033 | D:5      | Entered Level 5 of the Dungeon
  2094 | D:5      | Found Cicvakk's Armour Shop.
  2159 | D:5      | Noticed Grinder
  2165 | D:5      | Paralysed by Grinder for 7 turns
  2176 | D:5      | Killed Grinder
  2322 | D:5      | Noticed a basilisk
  2322 | D:5      | a sky beast changed into a basilisk
  2351 | D:5      | Killed a basilisk
  2351 | D:5      | Reached XP level 8. HP: 29/83 MP: 7/7
  2499 | D:5      | Reached skill level 1 in Throwing
  2539 | D:6      | Found a shattered altar of Ashenzari.
  2568 | D:6      | Noticed Blork the orc
  2570 | D:6      | Noticed Blork
  2570 | D:6      | Blork the orc changed into Blork the killer bee
  2572 | D:6      | Killed Blork the killer bee
  2681 | D:7      | Got a shimmering leather armour
  2820 | D:8      | Found a snail-covered altar of Cheibriados.
  2820 | D:8      | Noticed Joseph
  2833 | D:8      | Killed Joseph
  2891 | D:9      | HP: 3/84 [killer bee (6)]
  2893 | D:9      | Reached skill level 1 in Evocations
  2894 | D:9      | Mangled by a killer bee

Skill      XL: |  1  2  3  4  5  6  7  8 |
---------------+-------------------------+-----
Dodging        | 5 6 7 |  7.2
Fighting       | 5 6 |  6.4
Unarmed Combat | 7 8 |  8.7
Throwing       | 1 |  1.8
Evocations     | 1 |  1.0
Stealth        | |  1.7

Action                   |  1- 3 |  4- 6 |  7- 9 || total
-------------------------+-------+-------+-------++-------
Melee: Unarmed           |    72 |   146 |    87 ||   305
       Punch             |     1 |     6 |     4 ||    11
Throw: Stone             |       |    10 |    25 ||    35
Evoke: Deck              |       |     2 |    10 ||    12
  Use: Potion            |     6 |     4 |     3 ||    13
       Scroll            |     3 |     5 |     5 ||    13
 Stab: Sleeping          |       |     1 |       ||     1
  Eat: Bread ration      |       |     1 |     2 ||     3
       Pizza             |       |     1 |     1 ||     2
       Royal jelly       |       |     1 |       ||     1
       Meat ration       |       |     1 |       ||     1
       Beef jerky        |       |       |     1 ||     1
Armor: Robe              |    35 |    40 |    26 ||   101
Dodge: Dodged            |    34 |    63 |    74 ||   171
